 Dungeon Crawl Stone Soup version 0.28.0-1-gb440e238dd (webtiles) character file.

Game seed: 1804708740453231586

8045 jfcaron the Spear-Bearer (level 11, -10/178 HPs)
             Began as an Ogre Berserker on Feb 21, 2022.
             Was a Priest of Trog.
             Succumbed to Sonja's poison
             ... on level 10 of the Dungeon.
             The game lasted 00:19:05 (12039 turns).

jfcaron the Spear-Bearer (Ogre Berserker)          Turns: 12039, Time: 00:19:06

Health: -10/178    AC:  7    Str: 27    XL:     11   Next: 24%
Magic:  12/20      EV: 15    Int:  8    God:    Trog [***...]
Gold:   484        SH:  0    Dex:  8    Spells: 10/10 levels left

rFire   . . .      SeeInvis .   k - +2 trident (venom)
rCold   . . .      Faith    .   (no shield)
rNeg    . . .      Spirit   +   J - +1 steam dragon scales
rPois   .          Reflect  .   (helmet restricted)
rElec   .          Harm     .   (no cloak)
rCorr   .          Rampage  .   (gloves unavailable)
Will    +....                   (boots unavailable)
Stlth   ..........              e - amulet of guardian spirit
HPRegen 0.39/turn               v - +4 ring of evasion
MPRegen 0.17/turn               B - ring of magical power

@: berserking, lethally poisoned (-10 -> -76), slowed
A: large, unfitting armour, tough skin 1
a: Renounce Religion, Berserk, Trog's Hand


You were on level 10 of the Dungeon.
You worshipped Trog.
Trog was most pleased with you.
You visited 1 branch of the dungeon, and saw 10 of its levels.

You collected 484 gold pieces.

Inventory:

Hand Weapons
 k - a +2 trident of venom (weapon)
 o - a +1 vampiric halberd
 C - a +0 trident
Missiles
 i - 89 stones (quivered)
 j - a poisoned dart
 u - 2 throwing nets {!f}
 F - 2 curare-tipped darts {!f}
Armour
 E - a +2 robe of fire resistance
 I - a +2 robe of cold resistance
 J - +1 steam dragon scales (worn)
Jewellery
 e - an amulet of guardian spirit (around neck)
 v - a +4 ring of evasion (left hand)
 w - a ring of ice
 y - a ring of flight
 B - a ring of magical power (right hand)
 G - an amulet of the acrobat
Wands
 b - a wand of iceblast (4)
 h - a wand of digging (7)
 z - a wand of flame (29)
 A - a wand of polymorph (15)
 H - a wand of mindburst (7)
Scrolls
 a - a scroll of enchant armour {unknown}
 f - 2 scrolls of teleportation
 l - a scroll of noise {unknown}
 m - 3 scrolls of magic mapping
 r - a scroll of holy word
 t - 2 scrolls of enchant weapon
 x - a scroll of blinking {unknown}
Potions
 c - 2 potions of heal wounds
 d - 2 potions of lignification
 g - 3 potions of mutation
 n - a potion of curing
 p - a potion of magic
 q - 5 potions of attraction
 s - 2 potions of might {unknown}
 D - a potion of cancellation {unknown}


   Skills:
 + Level 10.8 Fighting
 * Level 11.3 Polearms
 + Level 7.5 Throwing
 + Level 0.4 Armour
 + Level 7.5 Dodging


You had 10 spell levels left.
You didn't know any spells.
Your spell library contained the following spells:

 Spells                   Type           Power      Damage    Failure   Level
 Ensorcelled Hibernation  Hex/Ice        0%         N/A       54%         2
 Passwall                 Tmut/Erth      0%         N/A       54%         2
 Conjure Flame            Conj/Fire      0%         6-21      78%         3
 Ignite Poison            Fire/Tmut/Pois 0%         N/A       78%         3
 Inner Flame              Hex/Fire       0%         N/A       78%         3
 Swiftness                Air            0%         N/A       78%         3
 Cause Fear               Hex            0%         N/A       99%         4
 Sticky Flame             Conj/Fire      0%         2d3       99%         4
 Discord                  Hex            0%         N/A       100%        8


Dungeon Overview and Level Annotations

Branches:
Dungeon (10/15)            Temple (0/1) D:5            Lair (0/6) D:10
    Orc: D:9-12

Altars:
Sif Muna


Innate Abilities, Weirdness & Mutations

You are too large for most types of armour.
You have tough skin. (AC +1)


Message History

You are more poisoned.
Sonja hits you with a +2 short sword of venom.
You are more poisoned.
Sonja hits you but does no damage.
You are more poisoned.
You miss Sonja.
You feel extremely sick.
You barely miss Sonja.
You feel extremely sick. Sonja hits you but does no damage.
Sonja barely misses you. Sonja hits you but does no damage.
You are lethally poisoned!
Sonja hits you with a +2 short sword of venom.
Sonja misses you. Sonja completely misses you.
You impale Sonja!!
Sonja looks as sick as possible!
Sonja is almost dead.
* * * LOW HITPOINT WARNING * * *
You feel extremely sick.
Sonja says, "I'm academy-trained, you know."
Sonja hits you with a +2 short sword of venom!
* * * LOW HITPOINT WARNING * * *
You are more poisoned.
Sonja hits you with a +2 short sword of venom.
* * * LOW HITPOINT WARNING * * *
You are more poisoned.
Sonja hits you but does no damage.
You are more poisoned.
You impale Sonja!!
You kill Sonja!
Trog accepts your kill.
Trog appreciates your killing of a magic user.
* * * LOW HITPOINT WARNING * * *
You feel extremely sick.
Unknown command.
You are too berserk!
Okay, then.
* * * LOW HITPOINT WARNING * * *
You feel extremely sick.
You feel a strong urge to attack something.
You die...

.
#.....######'##+#.#.......
#.....'.........+.........
#(....#..>......#.........
+.....#.........#.........
#.....#.........#.........
#.....#...##'####.........
#.....#...##...######+#...
#.....'...#....+ #...
#.....#..@'....# #...
..'.....#)..#....#
#'#....$#(..##...#
........######...#
........# ....# ..K.....#
....# ......(.# ...#
........# .#


There were no monsters in sight!

Vanquished Creatures
  Fannar (D:10)
  A hydra (D:9)
  3 death yaks (D:10)
  Sonja (D:10)
  Maggie (D:10)
  Prince Ribbit (D:6)
  2 dream sheep (D:9)
  A vampire (D:10)
  4 yaks (D:9)
  A wraith (D:8)
  A wyvern (D:7)
  An acid dragon (D:10)
  2 orc warriors
  2 ice beasts (D:5)
  3 centaurs
  Blork the orc (D:6)
  4 kobold brigands (D:9)
  A bullfrog (D:9)
  A gnoll sergeant (D:6)
  A water moccasin skeleton (D:5)
  3 killer bees (D:10)
  6 wights
  7 howler monkeys
  A centaur zombie (D:8)
  2 orc priests
  5 hounds
  An iguana (D:5)
  Terence (D:3)
  Natasha (thrice) (D:3)
  6 orc wizards
  A hound zombie (D:5)
  14 gnolls
  A howler monkey zombie (D:5)
  A river rat (D:10)
  4 adders
  A white imp (D:6)
  3 worms
  3 dart slugs
  29 orcs
  3 ball pythons (D:2)
  8 bats
  5 endoplasms
  4 giant cockroaches
  3 goblins
  5 hobgoblins
  3 quokkas
  2 frilled lizards (D:1)
  12 kobolds
  8 rats
  8 plants (D:2)
186 creatures vanquished.

Notes
Turn   | Place    | Note
-------+----------+-------------------------------------------
     0 | D:1      | jfcaron the Ogre Berserker began the quest for the Orb.
     0 | D:1      | Reached XP level 1. HP: 24/24 MP: 1/1
   199 | D:1      | Reached XP level 2. HP: 32/32 MP: 2/2
   604 | D:2      | Found a faded altar of an unknown god.
   720 | D:2      | Reached XP level 3. HP: 40/40 MP: 1/3
  1201 | D:2      | Reached ** piety under Trog
  1410 | D:2      | Reached skill level 1 in Throwing
  1762 | D:3      | Reached XP level 4. HP: 49/49 MP: 4/4
  1779 | D:3      | Noticed Terence
  1793 | D:3      | Killed Terence
  1794 | D:3      | Reached skill level 4 in Polearms
  1885 | D:3      | Reached XP level 5. HP: 17/55 MP: 1/5
  2160 | D:3      | Reached skill level 5 in Fighting
  2337 | D:3      | Noticed Natasha
  2387 | D:3      | Killed Natasha
  2388 | D:3      | Reached XP level 6. HP: 59/66 MP: 4/6
  2701 | D:3      | Noticed Natasha
  2708 | D:3      | Killed Natasha
  2844 | D:3      | Noticed Natasha
  2856 | D:3      | Killed Natasha
  2857 | D:3      | Reached skill level 5 in Polearms
  4169 | D:5      | Entered Level 5 of the Dungeon
  4293 | D:5      | Reached XP level 7. HP: 74/74 MP: 7/7
  4325 | D:5      | Reached *** piety under Trog
  4357 | D:5      | Found a staircase to the Ecumenical Temple.
  4637 | D:5      | Reached skill level 6 in Polearms
  5544 | D:6      | Reached XP level 8. HP: 84/84 MP: 8/8
  6044 | D:6      | Noticed Prince Ribbit
  6057 | D:6      | Killed Prince Ribbit
  6058 | D:6      | Reached skill level 7 in Polearms
  6684 | D:6      | Noticed Blork the orc
  6695 | D:6      | Killed Blork the orc
  6909 | D:7      | Reached skill level 5 in Dodging
  7009 | D:7      | Noticed a wyvern
  7018 | D:7      | Killed a wyvern
  7486 | D:7      | Reached XP level 9. HP: 55/93 MP: 4/9
  8344 | D:8      | Reached skill level 8 in Polearms
  8529 | D:8      | Reached skill level 5 in Throwing
  9806 | D:9      | Reached skill level 9 in Polearms
  9894 | D:9      | Noticed a three-headed hydra
  9902 | D:9      | Killed a three-headed hydra
  9903 | D:9      | Reached XP level 10. HP: 89/107 MP: 10/10
 10564 | D:9      | Reached skill level 10 in Polearms
 10864 | D:10     | Entered Level 10 of the Dungeon
 10872 | D:10     | Noticed a death yak
 10872 | D:10     | Noticed a death yak
 10875 | D:10     | Noticed a death yak
 10886 | D:10     | Killed a death yak
 10892 | D:10     | Killed a death yak
 10893 | D:10     | Reached skill level 10 in Fighting
 10898 | D:10     | Killed a death yak
 11005 | D:10     | Found a staircase to the Lair.
 11523 | D:10     | Reached **** piety under Trog
 11554 | D:10     | Reached XP level 11. HP: 117/119 MP: 11/11
 11570 | D:10     | Noticed Fannar
 11602 | D:10     | Killed Fannar
 11603 | D:10     | Reached skill level 11 in Polearms
 11802 | D:10     | Found a shimmering blue altar of Sif Muna.
 11835 | D:10     | Noticed Maggie
 11904 | D:10     | Killed Maggie
 12024 | D:10     | Noticed Sonja
 12037 | D:10     | Killed Sonja
 12037 | D:10     | HP: 21/178 [poisoned by Sonja]
 12038 | D:10     | HP: 3/178 [poisoned by Sonja]
 12039 | D:10     | Succumbed to Sonja's poison

Illustrated notes

Levels and vault maps discovered:
D:1:      sevenhm_arrival_forest_fort_large_2, layout_rooms
D:2:      layout_loops_ring, basic_ecumenical_altar, serial_bayou_lake_a
D:3:      minmay_general_purpose_star, layout_basic, uniq_natasha, uniq_terence
D:4:      layout_rooms
D:5:      layout_basic, minmay_temple_entry_statues_pillars
D:6:      layout_basic, uniq_prince_ribbit1, uniq_blork_the_orc
D:7:      nicolae_cairo_tiling_large, layout_loops_cross
D:8:      layout_gridville
D:9:      layout_gridville, hangedman_ranch
D:10:     layout_gridville, lemuel_tele_altar, dpeg_lair_monsters, orc_0_dummy,
          kennysheep_decorative_pillar, uniq_fannar, uniq_sonja, uniq_maggie

Skill      XL: |  1  2  3  4  5  6  7  8  9 10 11 |
---------------+----------------------------------+-----
Dodging        | 3 4 5 6 7 |  7.5
Throwing       | 1 2 3 4 6 7 |  7.5
Polearms       | 4 5 6 7 9 10 11 | 11.3
Fighting       | 5 6 7 9 10 | 10.8
Armour         | |  0.4

Action                   |  1- 3 |  4- 6 |  7- 9 | 10-12 || total
-------------------------+-------+-------+-------+-------++-------
Melee: Spear             |   117 |    54 |       |       ||   171
       Punch             |     2 |     1 |     3 |     1 ||     7
       Trident           |       |    64 |   262 |   109 ||   435
Throw: Stone             |    33 |    54 |    50 |    16 ||   153
       Dart              |    21 |     1 |     9 |     8 ||    39
       Boomerang         |       |    19 |    29 |       ||    48
       Throwing net      |       |       |     1 |     2 ||     3
Invok: Berserk           |     4 |     5 |     9 |     5 ||    23
Evoke: Wand              |       |       |       |     8 ||     8
  Use: Scroll            |     2 |     4 |     4 |       ||    10
       Potion            |       |       |       |     2 ||     2
Armor: Animal skin       |    22 |    10 |    12 |       ||    44
       Robe              |       |       |    19 |     8 ||    27
       Skin              |       |       |       |    15 ||    15
       Steam dragon scal |       |       |       |     8 ||     8
Dodge: Dodged            |    35 |    29 |   134 |    42 ||   240
